 Dungeon Crawl Stone Soup version 0.29-a0-789-g7a8fcbc185 (webtiles) character file.

Game seed: 13285713379742896540

415 ytrimaz the Insei (level 6, -6/38 HPs)
             Began as an Octopode Transmuter on July 2, 2022.
             Mangled by an ogre
             ... wielding a +0 giant club
              (23 damage)
             ... on level 4 of the Dungeon.
             The game lasted 00:03:33 (4502 turns).

ytrimaz the Insei (Octopode Transmuter)             Turns: 4502, Time: 00:03:34

Health: -6/38      AC:  1    Str:  9    XL:     6   Next: 92%
Magic:  9/9        EV: 13    Int: 18    God:
Gold:   179        SH:  0    Dex: 12    Spells: 6/9 levels left

rFire   . . .      SeeInvis .     - Unarmed
rCold   + . .      Faith    .   (no shield)
rNeg    . . .      Spirit   .   (helmet restricted)
rPois   .          Reflect  .   (no amulet)
rElec   .          Harm     .   (no ring)
rCorr   .          Rampage  .   (no ring)
Will    .....                   (no ring)
Stlth   ++........              (no ring)
HPRegen 0.12/turn               (no ring)
MPRegen 0.11/turn               (no ring)
                                (no ring)
                                (no ring)

@: no status effects
A: almost no armour, amphibious, 8 rings, camouflage 1, gelatinous body 1,
(nimble swimmer 1), tentacles, cold resistance 1
a: no special abilities


You were on level 4 of the Dungeon.
You visited 1 branch of the dungeon, and saw 4 of its levels.

You collected 179 gold pieces.

Inventory:

Wands
 a - a wand of charming (10)
Scrolls
 d - 2 scrolls of teleportation
 f - 2 scrolls of enchant weapon
 j - a scroll of fear
Potions
 g - a potion of haste {unknown}
 h - a potion of degeneration {unknown}


   Skills:
 - Level 1.0 Fighting
 - Level 2.0 Dodging
 + Level 7.5 Unarmed Combat
 - Level 2.0 Spellcasting
 - Level 2.0 Transmutations


You had 6 spell levels left.
You knew the following spells:

 Your Spells              Type           Power      Damage    Failure   Level
a - Beastly Appendage     Tmut           18%        N/A       8%          1
b - Wereblood             Tmut           9%         N/A       12%         2

Your spell library contained the following spells:

 Spells                   Type           Power      Damage    Failure   Level
 Spider Form              Tmut/Pois      5%         N/A       34%         3
 Ice Form                 Ice/Tmut       5%         N/A       75%         4


Dungeon Overview and Level Annotations

Branches:
Dungeon (4/15)
 Temple: D:4-7

Altars:

Shops:
D:1 [


Innate Abilities, Weirdness & Mutations

You cannot wear most types of armour.
You are amphibious.
You can wear up to eight rings at the same time.
Your skin changes colour to match your surroundings (Stealth+).
Your rubbery body absorbs attacks. (AC +1, EV +1)
((You are camouflaged when in or above water. (Stealth+)))
You have tentacles for arms and can constrict up to eight enemies at once.
Your flesh is cold resistant. (rC+)


Message History

You closely miss the hobgoblin. Your grab misses the hobgoblin.
You squeeze the hobgoblin.
The hobgoblin is heavily wounded.
The hobgoblin barely misses you.
You barely miss the hobgoblin. You grab the hobgoblin.
You pierce the hobgoblin.
The hobgoblin is almost dead.
You constrict the hobgoblin, but do no damage.
You tentacle-slap the hobgoblin but do no damage.
You pierce the hobgoblin.
You kill the hobgoblin!
Your transformation is almost over.
Your tentacle spike disappears.
HP restored.
Found a stone staircase leading down.
c - 2 grey potions (gained 1)
A dart slug comes into view.
The dart slug launches a dart at you. The slug dart hits you.
A dart slug is nearby!
Found a scroll of identify.
The dart slug launches a dart at you. The slug dart hits you.
Found a dented cameo amulet and a spear.
The dart slug launches a dart at you. The slug dart misses you.
An ogre comes into view. It is wielding a +0 giant club.
You bludgeon the dart slug! You grab the dart slug. You squeeze the dart slug.
You kill the dart slug!
The ogre shouts!
The ogre attacks as you move away! The ogre completely misses you.
It was a potion of curing.
You feel better.
The ogre hits you with a +0 giant club!!
Ouch! That really hurt!
* * * LOW HITPOINT WARNING * * *
You feel better.
It was a potion of cancellation.
You feel magically purged.
The ogre hits you with a +0 giant club!!
Ouch! That really hurt!
You die...

#####†####...
#.....###.....##
#.....##.......##
.####.....#.........####
>.......................
####..................##
#..............)....#
#...................#
#........@O...."...#
######...?........##
#.#.........##
...##.......##
.?...........##
##.#######...#.. ...
##.##... ### ...+... ##


You could see an ogre.

Vanquished Creatures
  Grinder (D:3)
  A hound (D:4)
  An orc priest (D:3)
  A gnoll (D:1)
  7 adders
  2 worms (D:3)
  2 dart slugs
  5 orcs (D:3)
  6 ball pythons
  4 endoplasms
  A giant cockroach (D:1)
  5 goblins
  7 hobgoblins
  4 jackals (D:3)
  9 kobolds
  6 bats
  6 frilled lizards
  6 rats
74 creatures vanquished.

Vanquished Creatures (others)
  9 plants (D:3)
9 creatures vanquished.

Grand Total: 83 creatures vanquished

Notes
Turn   | Place    | Note
-------+----------+-------------------------------------------
     0 | D:1      | ytrimaz the Octopode Transmuter began the quest for the
                  | Orb.
     0 | D:1      | Reached XP level 1. HP: 13/13 MP: 3/3
   354 | D:1      | Reached XP level 2. HP: 4/18 MP: 3/5
   696 | D:1      | Reached skill level 4 in Unarmed Combat
   905 | D:1      | Found a faded altar of an unknown god.
   920 | D:1      | Reached XP level 3. HP: 22/23 MP: 4/6
  1129 | D:1      | Found Bacsuaxu's Armour Shoppe.
  1813 | D:2      | Reached XP level 4. HP: 23/28 MP: 5/7
  2070 | D:2      | Reached skill level 5 in Unarmed Combat
  2680 | D:3      | Learned a level 2 spell: Wereblood
  2822 | D:3      | Noticed Grinder
  2836 | D:3      | Paralysed by Grinder for 4 turns
  2849 | D:3      | Killed Grinder
  2850 | D:3      | Reached skill level 7 in Unarmed Combat
  2850 | D:3      | Reached XP level 5. HP: 18/33 MP: 8/8
  2850 | D:3      | Reached XP level 6. HP: 21/38 MP: 9/9
  4126 | D:3      | Gained mutation: You are dopey. (Int -2) [potion of
                  | mutation]
  4126 | D:3      | Lost mutation: You are dopey. (Int -2) [potion of mutation]
  4126 | D:3      | Gained mutation: Your flesh is cold resistant. (rC+)
                  | [potion of mutation]
  4502 | D:4      | Mangled by an ogre

Illustrated notes

Levels and vault maps discovered:
D:1:      lightli_arrival_statue_moat, layout_loops_ring, serial_shops, shop,
          ebering_ecumenical_altar_abandoned
D:2:      layout_loops_ring
D:3:      layout_loops_ring, kennysheep_cross_bottleneck, minmay_lizard_king,
          uniq_grinder
D:4:      layout_basic

Skill      XL: |  1  2  3  4 |
---------------+-------------+-----
Unarmed Combat | 4 7 |  7.5
Fighting       | |  1.0
Dodging        | |  2.0
Spellcasting   | |  2.0
Transmutations | |  2.0

Action                   |  1- 3 |  4- 6 || total
-------------------------+-------+-------++-------
Melee: Unarmed           |    55 |   105 ||   160
       Tentacles         |    17 |    21 ||    38
       Kick              |    16 |    17 ||    33
       Constrict         |    19 |    21 ||    40
       Punch             |     1 |     3 ||     4
 Cast: Beastly Appendage |    18 |    22 ||    40
  Use: Scroll            |     3 |     7 ||    10
       Potion            |       |     5 ||     5
 Stab: Sleeping          |     1 |     4 ||     5
Armor: Skin              |     5 |    14 ||    19
Dodge: Dodged            |    57 |    63 ||   120

Table legend: (Time is in decaauts)
 A = Elapsed time spent in this place.
 B = Non-inter-level travel time spent in this place.
 C = Inter-level travel time spent in this place.
 D = Time resting spent in this place.
 E = Time spent auto-exploring this place.
 F = Levels seen in this place.
 G = Mean time per level.
                   A        B        C        D        E       F      G
               +--------+--------+--------+--------+--------+-----+--------+
         Total |   4485 |   4332 |    153 |    493 |   3304 |   4 | 1121.2 |
       Dungeon |   4485 |   4332 |    153 |    493 |   3304 |   4 | 1121.2 |
               +--------+--------+--------+--------+--------+-----+--------+

Top non-repeatable levels by time:
     D:3: 1760 daAuts
     D:1: 1375 daAuts
     D:2: 1266 daAuts
     D:4: 82 daAuts
